 Dungeon Crawl Stone Soup version 0.31-a0-803-g95b03c3367 (webtiles) character file.

Game seed: 7382676248840175194

1267 Maratek the Thaumaturge (level 8, 0/42 HPs)
             Began as a Deep Elf Fire Elementalist on Sept 21, 2023.
             Was a Believer of Kikubaaqudgha.
             Slain by a skeletal warrior
             ... wielding a +0 short sword
              (9 damage)
             ... on level 6 of the Dungeon.
             The game lasted 00:15:10 (7458 turns).

Maratek the Thaumaturge (DEFE)                      Turns: 7458, Time: 00:15:12

Health: 0/42       AC:  4    Str:  5    XL:     8   Next: 28%
Magic:  7/22       EV: 13    Int: 26    God:    Kikubaaqudgha [**....]
Gold:   225        SH:  0    Dex: 15    Spells: 20/23 levels left

rFire   + . .        l - +6 trident "Tehoff Tirew" {freeze, rF+ rN+ Int+3}
rCold   . . .        (no shield)
rNeg    + . .        a - +0 robe
rPois   .            (no helmet)
rElec   .            t - +1 cloak
rCorr   .            (no gloves)
SInv    +            (no boots)
Will    .....        (no amulet)
Stlth   ++           f - ring of flight
HPRegen 0.27/turn    k - ring of see invisible
MPRegen 0.18/turn

%: no passive effects
@: flying, studying Stealth
A: no striking features
a: Renounce Religion, Unearth Wretches


You were on level 6 of the Dungeon.
You worshipped Kikubaaqudgha.
Kikubaaqudgha was pleased with you.
You visited 1 branch of the dungeon, and saw 7 of its levels.
You also visited: Ossuary.

You collected 225 gold pieces.

Inventory:

Hand Weapons
 l - the +6 trident "Tehoff Tirew" (weapon) {freeze, rF+ rN+ Int+3}
   (You found it on level 2 of the Dungeon)

   Int+3:     It affects your intelligence (+3).
   rF+:       It protects you from fire.
   rN+:       It protects you from negative energy.
Armour
 a - a +0 robe (worn)
 t - a +1 cloak (worn)
Jewellery
 f - a ring of flight (left hand)
 k - a ring of see invisible (right hand)
Wands
 e - a wand of flame (11)
 j - a wand of roots (6)
Scrolls
 d - 2 scrolls of vulnerability
 n - 2 scrolls of poison
 r - a scroll of enchant weapon
Potions
 b - a potion of attraction
 c - 2 potions of lignification {unknown}
 g - 5 potions of curing {unknown}
 h - 3 potions of brilliance {unknown}
 i - a potion of cancellation {unknown}
 m - 2 potions of resistance {unknown}
 p - a potion of ambrosia {unknown}


   Skills:
 + Level 0.8 Fighting
 + Level 0.3 Short Blades
 + Level 0.4 Polearms
 + Level 3.0 Dodging
 + Level 3.5 Stealth
 + Level 8.1 Spellcasting
 + Level 5.6 Conjurations
 + Level 6.9 Fire Magic


You had 20 spell levels left.
You knew the following spells:

 Your Spells              Type           Power      Damage    Failure   Level
a - Foxfire               Conj/Fire      100%       2x1d9     1%          1
b - Searing Ray           Conj           80%        2d7       1%          2

Your spell library contained the following spells:

 Spells                   Type           Power      Damage    Failure   Level
 Magic Dart               Conj           100%       1d8       1%          1
 Scorch                   Fire           92%        2d8       1%          2
 Inner Flame              Hex/Fire       28%        N/A       4%          3
 Volatile Blastmotes      Fire/Tloc      56%        2d14      4%          3
 Flame Wave               Conj/Fire      43%        2d11      4%          4
 Necrotise                Necr           40%        1d6       5%          1
 Stone Arrow              Conj/Erth      50%        3d10      5%          3
 Cigotuvi's Dreadful Rot  Necr/Pois/Air  20%        N/A       9%          2
 Ensorcelled Hibernation  Hex/Ice        20%        N/A       9%          2
 Passwall                 Tmut/Erth      8%         N/A       9%          2
 Sublimation of Blood     Necr           10%        N/A       9%          2
 Wereblood                Tmut           10%        N/A       9%          2
 Swiftness                Air            10%        N/A       17%         3
 Tukima's Dance           Hex            10%        N/A       17%         3
 Vampiric Draining        Necr           10%        2d6       17%         3
 Fulminant Prism          Conj/Hex       12%        3d9       17%         4
 Iskenderun's Mystic Bla  Conj/Tloc      25%        2d7       17%         4
 Animate Armour           Summ/Erth      20%        N/A       50%         4
 Dimensional Bullseye     Hex/Tloc       5%         N/A       50%         4
 Yara's Violent Unravell  Hex/Tmut       5%         3d4       83%         5
 Enfeeble                 Hex            5%         N/A       100%        7
 Summon Hydra             Summ           5%         N/A       100%        7
 Lehudib's Crystal Spear  Conj/Erth      12%        10d4      100%        8


Dungeon Overview and Level Annotations

Branches:
Dungeon (7/15)             Temple (0/1) D:4         Ossuary (visited)

Altars:
Kikubaaqudgha

Shops:
D:4 (   D:5 *   D:6 *

Annotations:
D:2 1 runed translucent door, Crazy Yiuf
D:6 Jeremiah


Message History

You conjure some foxfire!
The foxfire hits the skeletal warrior but does no damage.
The skeletal warrior is moderately damaged.
The foxfire hits the skeletal warrior!
The skeletal warrior is moderately damaged.
A sky beast comes into view.
You conjure some foxfire!
The foxfire hits the skeletal warrior but does no damage.
The skeletal warrior is moderately damaged.
The foxfire hits the skeletal warrior!
The skeletal warrior is heavily damaged.
The sky beast flickers out of sight for a moment.
You conjure some foxfire!
The foxfire hits the skeletal warrior but does no damage.
The skeletal warrior is heavily damaged.
The foxfire hits the skeletal warrior.
The skeletal warrior is heavily damaged.
The skeletal warrior hits you with a +0 short sword!!
Ouch! That really hurt!
The foxfire hits the skeletal warrior.
The skeletal warrior is heavily damaged.
The foxfire hits the skeletal warrior but does no damage.
The skeletal warrior is heavily damaged.
The skeletal warrior hits you with a +0 short sword.
You see here a howler monkey corpse.
The skeletal warrior attacks as it pursues you!
The skeletal warrior hits you with a +0 short sword.
* * * LOW HITPOINT WARNING * * *
There is a stone staircase leading up, spattered with blood here.
You fly upwards.
Level annotation: Jeremiah
There is a stone staircase leading down here.
You are too injured to fight recklessly!
You are too injured to fight recklessly!
Casting: Foxfire (safe; 1% risk of failure)
Press: ? - help, Q - select action, (/) - cycle Dir - look around, f - activate You conjure some foxfire!
The skeletal warrior hits you with a +0 short sword!
You die...
Kikubaaqudgha rasps: "You have failed me!
Welcome... death!"

#.......# .# #...
########.......######.#######...
................................
.......#.......###..............
#...........................
#...#.......#..###.#####....
#...######...............#+#
##...# #.v#.####.......#.# #....#
#z@..........<.).)# #####....#
#v.####.#.....#...) .........#
#.......#.###.#.#.# #####....#
#...#####.###.#.#.# #....# #...#
#.......#.# #####....#
#...#######.###.#.# .........#
#.................#
#####....######.#.#######.#######
# #(...........................


You could see a skeletal warrior (ally target).

Vanquished Creatures
  Sigmund (D:2)
  A wyvern (D:6)
  2 black bears
  An ogre (D:4)
  A centaur (D:6)
  A phantom (D:5)
  A scorpion (D:6)
  A howler monkey (D:7)
  3 hounds
  3 iguanas
  2 orc wizards (D:5)
  3 mummies (Ossuary)
  Robin (D:2)
  3 gnolls (D:5)
  3 adders
  An ufetubus (D:4)
  3 adder zombies (Ossuary)
  A worm (D:2)
  2 dart slugs
  8 orcs
  An endoplasm (D:4)
  9 hobgoblins
  6 jackals (D:4)
  11 kobolds
  3 quokkas
  9 ball pythons
  7 bats
  6 frilled lizards
  14 goblins
  3 goblin zombies (Ossuary)
  3 hobgoblin zombies (Ossuary)
  2 kobold zombies (Ossuary)
  An orc zombie (Ossuary)
  A quokka zombie (Ossuary)
  4 rats
  5 rat zombies (Ossuary)
127 creatures vanquished.

Vanquished Creatures (others)
  762 foxfires
762 creatures vanquished.

Grand Total: 889 creatures vanquished

Notes
Turn   | Place    | Note
-------+----------+-------------------------------------------
     0 | D:1      | Maratek the Deep Elf Fire Elementalist began the quest for
                  | the Orb.
     0 | D:1      | Reached XP level 1. HP: 10/10 MP: 6/6
   287 | D:1      | Reached XP level 2. HP: 15/15 MP: 0/8
  1128 | D:2      | Identified the +6 trident "Tehoff Tirew" {freeze, rF+ rN+
                  | Int+3}
  1162 | D:2      | Reached XP level 3. HP: 19/19 MP: 5/10
  1219 | D:2      | Noticed Sigmund
  1234 | D:2      | Killed Sigmund
  1235 | D:2      | Reached skill level 4 in Spellcasting
  1235 | D:2      | Reached XP level 4. HP: 8/24 MP: 8/12
  1235 | D:2      | Reached XP level 5. HP: 9/28 MP: 9/14
  1595 | D:2      | Found a faded altar of an unknown god.
  1930 | D:2      | Prayed at the altar of an unknown god.
  1930 | D:2      | Became a worshipper of Kikubaaqudgha
  1930 | D:2      | Reached * piety under Kikubaaqudgha
  1930 | D:2      | Received a gift from Kikubaaqudgha
  2118 | D:2      | Noticed Robin
  2121 | D:2      | Reached skill level 5 in Spellcasting
  2125 | D:2      | Killed Robin
  2200 | D:2      | Found a runed translucent door.
  2201 | D:2      | Noticed Crazy Yiuf
  3107 | D:4      | Found a sand-covered staircase.
  3124 | Ossuary  | Entered an ossuary
  3131 | Ossuary  | Reached XP level 6. HP: 25/33 MP: 8/15
  3420 | Ossuary  | Reached ** piety under Kikubaaqudgha
  3423 | Ossuary  | Reached skill level 5 in Fire Magic
  3732 | D:4      | Found Ytaarr's Antique Weapon Emporium.
  3808 | D:4      | You are sucked into a shaft and drop 3 floors!
  3821 | D:7      | Noticed a skeletal warrior
  4097 | D:5      | Entered Level 5 of the Dungeon
  4730 | D:5      | Reached skill level 6 in Spellcasting
  5072 | D:5      | Found Kewauny's Lightly-Used Armoury.
  5105 | D:5      | Reached XP level 7. HP: 23/37 MP: 6/18
  5647 | D:4      | Reached skill level 7 in Spellcasting
  5812 | D:4      | Learned a level 2 spell: Searing Ray
  6093 | D:4      | Found a staircase to the Ecumenical Temple.
  6346 | D:6      | Reached skill level 5 in Conjurations
  6544 | D:6      | Reached XP level 8. HP: 24/42 MP: 12/21
  6736 | D:6      | Noticed Jeremiah
  6947 | D:6      | Found Sieseobb's General Store.
  7085 | D:6      | Reached skill level 8 in Spellcasting
  7444 | D:7      | Noticed a skeletal warrior
  7448 | D:7      | Noticed a skeletal warrior
  7458 | D:6      | Slain by a skeletal warrior

Illustrated notes

Levels and vault maps discovered:
D:1:      wander_arrival_lonely_grave, layout_rooms
D:2:      layout_basic, ebering_ecumenical_altar_mist, uniq_sigmund,
          uniq_crazy_yiuf_cottage, uniq_robin
D:3:      layout_basic
D:4:      layout_loops_ring, minmay_temple_entry_trees, serial_shops,
          nicolae_shop_crystal, nicolae_ossuary_entry_monument, hex_medium
D:5:      layout_basic, minmay_shop_damaged
D:6:      layout_basic, serial_shops, nicolae_lakefront_shop,
          reono_crystal_passage, uniq_jeremiah
D:7:      layout_basic, grunt_temple_overflow_open, serial_shops, shop,
          serial_rivers, chequers_serial_rivers_micro_d,
          chequers_serial_rivers_micro_d, chequers_serial_rivers_micro_b,
          chequers_serial_rivers_small_b, chequers_serial_rivers_small_b,
          st_stairs_14, uniq_maggie, uniq_menkaure

Skill      XL: |  1  2  3  4  5  6  7  8 |
---------------+-------------------------+-----
Conjurations   | 3 4 5 |  5.6
Spellcasting   | 4 5 6 7 8 |  8.1
Fire Magic     | 4 5 6 |  6.9
Stealth        | 3 |  3.5
Dodging        | 3 |  3.0
Fighting       | |  0.8
Short Blades   | |  0.3
Polearms       | |  0.4

Action                     |  1- 3 |  4- 6 |  7- 9 || total
---------------------------+-------+-------+-------++-------
  Melee: Unarmed           |     3 |       |       ||     3
         Short sword       |     2 |       |       ||     2
         Trident           |     8 |       |     1 ||     9
   Cast: Foxfire           |    91 |   278 |   145 ||   514
         Searing Ray       |       |       |     2 ||     2
    Use: Potion            |     1 |       |       ||     1
         Scroll            |       |     9 |     4 ||    13
 Armour: Robe              |    10 |    14 |    32 ||    56
  Dodge: Dodged            |    13 |    14 |    32 ||    59

Table legend: (Time is in decaauts)
 A = Elapsed time spent in this place.
 B = Non-inter-level travel time spent in this place.
 C = Inter-level travel time spent in this place.
 D = Time resting spent in this place.
 E = Time spent auto-exploring this place.
 F = Levels seen in this place.
 G = Mean time per level.
                   A        B        C        D        E       F      G
               +--------+--------+--------+--------+--------+-----+--------+
         Total |   7460 |   7413 |     47 |    851 |   5290 |   8 |  932.5 |
       Dungeon |   6933 |   6886 |     47 |    851 |   4857 |   7 |  990.4 |
       Ossuary |    526 |    526 |      0 |      0 |    433 |   1 |  526.0 |
               +--------+--------+--------+--------+--------+-----+--------+

Top non-repeatable levels by time:
     D:6: 1377 daAuts
     D:2: 1339 daAuts
     D:5: 1301 daAuts
     D:4: 1186 daAuts
     D:1: 1064 daAuts
     D:3: 610 daAuts
 Ossuary: 526 daAuts
     D:7: 54 daAuts
